 Dungeon Crawl Stone Soup version 0.28.0 (webtiles) character file.

Game seed: 15454642597897504746

70 Descartes the Grasshopper (level 4, -7/33 HPs)
             Began as a Formicid Warper on Feb 10, 2022.
             Killed by nerve-wracking pain
             ... invoked by Grinder
              (11 damage)
             ... on level 3 of the Dungeon.
             The game lasted 00:04:39 (2395 turns).

Descartes the Grasshopper (Formicid Warper)         Turns: 2395, Time: 00:04:39

Health: -7/33      AC:  8    Str: 18    XL:     4   Next: 45%
Magic:  7/7        EV: 10    Int: 12    God:
Gold:   76         SH:  0    Dex: 10    Spells: 7/7 levels left

rFire   + . .      SeeInvis +   g - +3 dagger
rCold   . . .      Faith    .   (no shield)
rNeg    . . .      Spirit   .   k - +0 scale mail
rPois   .          Reflect  .   (helmet unavailable)
rElec   .          Harm     .   i - +0 cloak
rCorr   .          Rampage  .   (no gloves)
Will    .....                   l - +0 pair of boots
Stlth   ..........              (no amulet)
HPRegen 0.11/turn               h - ring of protection from fire
MPRegen 0.10/turn               (no ring)

@: no status effects
A: permanent stasis, dig shafts and tunnels, antennae 3, four strong arms
a: Dig, Shaft Self


You were on level 3 of the Dungeon.
You visited 1 branch of the dungeon, and saw 3 of its levels.

You collected 76 gold pieces.

Inventory:

Hand Weapons
 a - a +0 hand axe
 f - a +0 hand crossbow
 g - a +3 dagger (weapon)
Missiles
 c - 5 boomerangs of dispersal (quivered)
Armour
 i - a +0 cloak (worn)
 k - a +0 scale mail (worn)
 l - a +0 pair of boots (worn)
Jewellery
 h - a ring of protection from fire (left hand)
Wands
 m - a wand of polymorph (4)
Scrolls
 b - a scroll of brand weapon {unknown}
 e - 5 scrolls of identify {unknown}
 j - a scroll of teleportation {unknown}
 n - a scroll of silence {unknown}
 o - 3 scrolls of immolation {unknown}
Potions
 d - a potion of attraction {unknown}
 p - a potion of degeneration {unknown}


   Skills:
 - Level 2.1 Fighting
 + Level 1.7 Short Blades
 - Level 2.1 Axes
 - Level 1.0 Throwing
 + Level 2.5 Armour
 - Level 1.7 Dodging
 - Level 2.1 Spellcasting
 + Level 3.3 Translocations
 + Level 0.2 Evocations


You had 7 spell levels left.
You didn't know any spells.
Your spell library contained the following spells:

 Spells                   Type           Power      Damage    Failure   Level
 Gell's Gravitas          Tloc           9%         N/A       54%         3
 Lesser Beckoning         Tloc           9%         N/A       54%         3
 Teleport Other           Tloc           9%         N/A       54%         3
 Manifold Assault         Tloc           9%         N/A       99%         5
 Blink                    Tloc           Unusable   N/A       N/A         2

Dungeon Overview and Level Annotations

Branches:
Dungeon (3/15)

Altars:

Shops:
D:3 !

Annotations:
D:3 Grinder


Innate Abilities, Weirdness & Mutations

You cannot be hasted, slowed, berserked, paralysed or teleported.
You can dig through walls and to a lower floor.
You have a pair of large antennae on your head. (SInv)
Your four strong arms can wield two-handed weapons with a shield.


Message History

Grinder hits you but does no damage.
You closely miss Grinder.
Grinder is heavily wounded.
Grinder hits you but does no damage.
You closely miss Grinder.
Grinder is heavily wounded.
Grinder hits you.
You writhe in agony.
You hit Grinder but do no damage.
Grinder is heavily wounded.
The jackal misses you.
The jackal bites you but does no damage.
Grinder hits you.
You writhe in agony.
You closely miss Grinder.
Grinder is heavily wounded.
The jackal bites you but does no damage.
You hit Grinder.
Grinder is heavily wounded.
Grinder gestures at you. Pain shoots through your body! The jackal bites you.
Unknown command.
You hit Grinder but do no damage.
Grinder is heavily wounded.
The jackal closely misses you. Grinder gestures at you.
You resist with significant effort. The jackal barely misses you.
You hit Grinder.
Grinder is severely wounded.
Grinder closely misses you. The jackal closely misses you.
You closely miss Grinder.
Grinder is severely wounded.
Grinder says, "My boss said I was rubbish.
His entrails said otherwise."
Grinder hits you!
* * * LOW HITPOINT WARNING * * *
The jackal barely misses you.
You hit Grinder.
Grinder is severely wounded.
The jackal barely misses you. Grinder gestures at you.
Pain shoots through your body!
You die...

.......##.#
....5.....#
......(...#
....ยง.....#
###......#
.........#
########.#
####h###
#..@5..# {
##.##.#.#
#.....#.#
#..####.#
#.......#
#.#######
#.# #<#
######.#


You could see Grinder and a jackal.

Vanquished Creatures
  An adder (D:2)
  2 dart slugs (D:2)
  5 endoplasms
  6 goblins
  A hobgoblin (D:1)
  10 jackals
  4 quokkas
  A ball python (D:2)
  8 bats
  8 frilled lizards
  2 kobolds (D:1)
  5 rats
53 creatures vanquished.

Notes
Turn   | Place    | Note
-------+----------+-------------------------------------------
     0 | D:1      | Descartes the Formicid Warper began the quest for the Orb.
     0 | D:1      | Reached XP level 1. HP: 16/16 MP: 3/3
   619 | D:1      | Reached XP level 2. HP: 19/22 MP: 5/5
   839 | D:1      | Reached skill level 3 in Translocations
  1013 | D:1      | Reached XP level 3. HP: 27/27 MP: 6/6
  1064 | D:1      | Reached skill level 1 in Short Blades
  1788 | D:2      | Reached XP level 4. HP: 28/33 MP: 7/7
  2148 | D:2      | Found a faded altar of an unknown god.
  2345 | D:3      | Found Gatoak's Distillery.
  2361 | D:3      | Noticed Grinder
  2395 | D:3      | Killed from afar by Grinder

Illustrated notes

Levels and vault maps discovered:
D:1:      psy_arrival_basics, layout_basic
D:2:      layout_rooms, shapermc_ecumenical_altar_ellora,
          nicolae_concentric_dashed_squares_wild
D:3:      layout_loops_cross, serial_shops, shop, columned_hall_lemuel,
          uniq_natasha, uniq_grinder

Skill      XL: |  1  2  3 |
---------------+----------+-----
Translocations | 3 |  3.3
Armour         | 2 |  2.5
Short Blades   | 1 |  1.7
Fighting       | |  2.1
Axes           | |  2.1
Throwing       | |  1.0
Dodging        | |  1.7
Spellcasting   | |  2.1
Evocations     | |  0.2

Action                   |  1- 3 |  4- 6 || total
-------------------------+-------+-------++-------
Melee: Hand axe          |    26 |       ||    26
       Dagger            |   108 |    62 ||   170
       Punch             |     2 |     1 ||     3
Armor: Leather armour    |    11 |       ||    11
       Scale mail        |    52 |    26 ||    78
Dodge: Dodged            |    65 |    40 ||   105
